 Dungeon Crawl Stone Soup version 0.15-a0-94-g674142f (webtiles) character file.

374 Egon the Sneak (level 6, -1/30 HPs)
             Began as a Vine Stalker Enchanter on Apr 9, 2014.
             Slain by a killer bee (4 damage)
             ... on Level 4 of the Dungeon.
             The game lasted 00:18:09 (3652 turns).

Egon the Sneak (Vine Stalker Enchanter)             Turns: 3652, Time: 00:18:09

HP  -1/30        AC  5     Str 10      XL: 6   Next: 13%
MP   0/13        EV 13     Int 18      God:
Gold 123         SH  0     Dex 17      Spells:  3 memorised,  4 levels left

rFire  . . .     SeeInvis .     a - +1 dagger
rCold  + . .     Clarity  .     b - +1 robe
rNeg   . . .     Conserve .     (no shield)
rPois  .         rCorr    .     (no helmet)
rElec  .         rRot     +     l - +0 cloak (curse)
SustAb . .       Spirit   +     (no gloves)
rMut   .         Warding  .     i - +0 pair of boots
Saprov . . .     Stasis   .     (no amulet)
MR     .....                    w - +3 ring of intelligence
                                s - ring of protection from cold {unknown}

@: lethally poisoned, not resistant to hostile enchantments, stealthy
A: fangs 2, regeneration 2, magic shield, antimagic bite, no device heal
a: no special abilities


You were on level 4 of the Dungeon.
You were hungry.

You visited 1 branch of the dungeon, and saw 4 of its levels.

You collected 123 gold pieces.

Inventory:

Hand weapons
 a - a +1,+1 dagger (weapon)
Missiles
 d - 12 darts (quivered)
Armour
 b - a +1 robe (worn)
 i - a +0 pair of boots (worn)
 l - a cursed +0 cloak (worn)
 p - a +2 buckler
Comestibles
 f - a bread ration
 g - a pear
 u - a chunk of worker ant flesh
 A - a chunk of bat flesh
 C - 3 chunks of worker ant flesh
Scrolls
 k - 2 scrolls of remove curse {unknown}
 o - 2 scrolls of identify {unknown}
 q - 3 scrolls of enchant armour {unknown}
 r - a scroll of noise {unknown}
 t - a scroll of fear {unknown}
 v - a scroll of teleportation {unknown}
 x - a scroll of blinking {unknown}
 y - a scroll of enchant weapon I {unknown}
 z - a scroll of immolation {unknown}
 B - a scroll of random uselessness {unknown}
 D - a scroll of fog {unknown}
Jewellery
 s - a ring of protection from cold (left hand) {unknown}
 w - a +3 ring of intelligence (right hand)
Potions
 e - a potion of mutation {unknown}
 h - a potion of lignification {unknown}
 j - 2 potions of restore abilities {unknown}
 m - 2 potions of might {unknown}
 n - 2 potions of haste
Books
 c - a book of Maledictions

   Spells                             Type                      Level
   *Corona                            Hexes                        1
   Sure Blade                         Hexes/Charms                 2
   *Ensorcelled Hibernation           Hexes/Ice                    2
   *Confuse                           Hexes                        3
   Enslavement                        Hexes                        4
   Invisibility                       Hexes                        6


   Skills:
 + Level 1.4 Fighting
 + Level 2.0 Short Blades
 - Level 0.8 Throwing
 + Level 2.5 Dodging
 + Level 3.9 Stealth
 + Level 2.1 Unarmed Combat
 + Level 2.8 Spellcasting
 + Level 3.7 Hexes


You had 4 spell levels left.
You knew the following spells:

 Your Spells              Type           Power        Failure   Level  Hunger
a - Corona                Hex            ###....      4%          1    None
b - Ensorcelled Hibernat  Hex/Ice        #.....       12%         2    ##.....
c - Confuse               Hex            ###.....     14%         3    ###....


Dungeon Overview and Level Annotations

Branches:
Dungeon (4/15)
 Temple: D:4-7

Altars:


Innate Abilities, Weirdness & Mutations

You are immune to rotting.
You have extremely sharp teeth.
You heal very quickly.
When hurt, damage is shared between your health and your magic reserves.
Your bite disrupts and absorbs the magic of your enemies.
Potions and wands cannot restore your HP.


Message History

The killer bee barely misses you.
You hit the killer bee.
The killer bee is lightly wounded.
You feel sick.
The killer bee stings you but does no damage.
The killer bee barely misses you. The killer bee stings you!
You feel sick. The killer bee misses you. The killer bee completely misses you.
You feel sick. The killer bee stings you.
* * * LOW HITPOINT WARNING * * *
You are more poisoned.
The killer bee poisons you!
You feel sick.
There is a stone staircase leading up here.
You feel sick. The killer bee stings you.
* * * LOW HITPOINT WARNING * * *
The killer bee stings you but does no damage.
The killer bee stings you.
You die...

................# #.# #.##.#
...#.# #.# #.##.# ..#.# . #.#
#.##.# #.#.#
#...####.####.##.####.#.#
.................(.....#.#
##.#.##...####)##k####.#!#
............>.....####.#.#
............@k............#
.............k.....####.#.##
...........................##
##..........................
###......####....####.##...
#....#[.............##...
#.#######......####.....# ...
#......# ......# ## ###....#
......#


You could see 3 killer bees.

Vanquished Creatures
  An orc wizard (D:3)
  3 worker ants (D:4)
  6 adders
  A worm (D:3)
  3 giant geckos
  10 orcs
  4 giant cockroaches
  4 goblins (D:1)
  9 hobgoblins
  8 jackals
  5 kobolds
  4 quokkas
  4 ball pythons (D:2)
  11 bats
  4 giant newts
  7 rats
84 creatures vanquished.

Notes
Turn   | Place    | Note
--------------------------------------------------------------
     0 | D:1      | Egon, the Vine Stalker Enchanter, began the quest for the Orb.
     0 | D:1      | Reached XP level 1. HP: 9/9 MP: 3/3
   219 | D:1      | Reached skill level 1 in Short Blades
   301 | D:1      | Reached XP level 2. HP: 13/13 MP: 3/5
   925 | D:1      | Learned a level 2 spell: Ensorcelled Hibernation
   932 | D:1      | Reached XP level 3. HP: 16/16 MP: 2/7
  1029 | D:2      | Reached skill level 1 in Unarmed Combat
  1294 | D:2      | Reached XP level 4. HP: 21/21 MP: 6/9
  2252 | D:3      | Reached skill level 1 in Fighting
  2252 | D:3      | Reached XP level 5. HP: 13/25 MP: 4/11
  2456 | D:3      | Learned a level 3 spell: Confuse
  3546 | D:4      | Gained mutation: You heal very quickly. [vine stalker growth]
  3546 | D:4      | Reached XP level 6. HP: 30/30 MP: 8/13
  3652 | D:4      | Slain by a killer bee

Action                   |  1- 3 |  4- 6 || total
-------------------------+-------+-------++-------
Melee: Dagger            |    84 |   137 ||   221
 Cast: Corona            |    20 |    31 ||    51
       Ensorcelled Hiber |     9 |    42 ||    51
       Confuse           |       |     3 ||     3
 Stab: Sleeping          |     9 |    20 ||    29
